 Dungeon Crawl Stone Soup version 0.18.1-47-g9310371 (webtiles) character file.

106 Shtopit the Conjurer (level 4, 0/24 HPs)
             Began as a Deep Elf Conjurer on June 20, 2016.
             Slain by a hound (4 damage)
             ... on level 3 of the Dungeon.
             The game lasted 00:07:02 (3078 turns).

Shtopit the Conjurer (Deep Elf Conjurer)            Turns: 3078, Time: 00:07:02

Health: 0/24       AC:  4    Str:  5    XL:     4   Next: 55%
Magic:  0/12       EV: 12    Int: 21    God:
Gold:   104        SH:  0    Dex: 15    Spells: 3 memorised, 4 levels left

rFire  . . .     SeeInvis .     g - +0 dagger
rCold  . . .     Gourm    .     a - +0 robe
rNeg   . . .     Faith    .     (no shield)
rPois  .         Spirit   .     k - +0 helmet
rElec  .         Dismiss  .     (no cloak)
rCorr  .         Reflect  .     (no gloves)
SustAt .         Harm     .     d - +0 pair of boots
MR     .....                    (no amulet)
Stlth  ++........               (no ring)
                                (no ring)

@: heavily drained, not resistant to hostile enchantments, unstealthy
A: no striking features
a: no special abilities


You were on level 3 of the Dungeon.
You were hungry.

You visited 1 branch of the dungeon, and saw 4 of its levels.

You collected 104 gold pieces.

Inventory:

Hand Weapons
 g - a +0 dagger (weapon)
 m - a +0 hunting sling
Missiles
 p - 27 stones (quivered)
 s - 17 poisoned needles
Armour
 a - a +0 robe (worn)
 d - a +0 pair of boots (worn)
 k - a +0 helmet (worn)
Jewellery
 f - a +3 ring of protection {unknown}
Scrolls
 e - 2 scrolls of blinking {unknown}
 i - a scroll of immolation {unknown}
 l - a scroll of enchant weapon {unknown}
 q - 2 scrolls of identify {unknown}
 u - a scroll of enchant armour {unknown}
Potions
 j - 2 potions of might {unknown}
 n - a potion of curing {unknown}
 r - a potion of heal wounds {unknown}
Books
 b - a book of Conjurations

   Spells                             Type                      Level
   a - Magic Dart                     Conjuration                  1
   b - Searing Ray                    Conjuration                  2
   c - Dazzling Spray                 Conjuration/Hexes            3
   d - Fulminant Prism                Conjuration/Hexes            4
   e - Iskenderun's Mystic Blast      Conjuration                  4
   f - Iskenderun's Battlesphere      Conjuration/Charms           5
Comestibles
 c - 3 bread rations
 h - 3 meat rations
 o - a slice of pizza
 t - 3 chunks of flesh


   Skills:
 + Level 2.8(1.6) Dodging
 + Level 3.4(2.3) Stealth
 + Level 4.0(2.8) Spellcasting
 + Level 5.6(4.3) Conjurations


You had 4 spell levels left.
You knew the following spells:

 Your Spells              Type           Power        Failure   Level  Hunger
a - Magic Dart            Conj           ###.         1%          1    None
b - Searing Ray           Conj           ###...       3%          2    ##.....
c - Iskenderun's Mystic   Conj           ###.....     24%         4    ####...


Dungeon Overview and Level Annotations

Branches:
Dungeon (4/15)
 Temple: D:4-7

Altars:
Pakellas

Annotations:
D:3 Malvoorn's ghost, amateur SpEn


Message History

You hit the hound but do no damage.
The hound is heavily wounded.
The hound misses you.
You hit the hound.
The hound is heavily wounded.
The hound barely misses you. The hound bites you.
* * * LOW HITPOINT WARNING * * *
The hound barely misses you.
Casting: Magic Dart
Confirm with . or Enter, or press ? or * to list all spells.
Aiming: Magic Dart
Press: ? - help, Shift-Dir - straight line, f/p - hound
Aim: a hound (heavily wounded)
The magic dart hits the hound.
The hound is heavily wounded.
The hound barely misses you. The hound bites you.
* * * LOW HITPOINT WARNING * * *
The hound bites you but does no damage. The hound bites you.
You die...

.......# #.########
####.. .......#
#.##.....# #..[[.
.......# #.##.###.#
#.##.. .......#
#.##.#>#.# #.##..
......## #.##.#.#.#
#.##.. ..)...#
#.##.#.#.# #.##..
..<...# #.##.#.#.#
#.##.. #######
#h##.#.#.# #.####
#@##)#...# #.#
#.##.########.#
........##..........#
....####################
.. ###.. #.... #....
#.... #....


You could see a hound.

Vanquished Creatures
  4 adders
  A worm (D:2)
  3 dart slugs
  A giant gecko (D:2)
  6 orcs (D:3)
  2 bats (D:2)
  3 giant cockroaches
  7 goblins
  6 hobgoblins
  A quokka (D:2)
  5 giant newts
  7 kobolds
  9 rats
55 creatures vanquished.

Vanquished Creatures (others)
  An iguana (D:2)
1 creature vanquished.

Grand Total: 56 creatures vanquished

Notes
Turn   | Place    | Note
--------------------------------------------------------------
     0 | D:1      | Shtopit the Deep Elf Conjurer began the quest for the Orb.
     0 | D:1      | Reached XP level 1. HP: 10/10 MP: 6/6
   482 | D:1      | Reached XP level 2. HP: 15/15 MP: 2/8
   612 | D:1      | Reached skill level 5 in Conjurations
   643 | D:1      | Learned a level 2 spell: Searing Ray
  1272 | D:2      | Found an oddly glowing altar of Pakellas.
  1272 | D:2      | Noticed an orange crystal statue
  1387 | D:2      | Reached XP level 3. HP: 19/19 MP: 7/9
  2338 | D:3      | Reached XP level 4. HP: 24/24 MP: 4/11
  2397 | D:3      | Learned a level 4 spell: Iskenderun's Mystic Blast
  3025 | D:3      | Noticed Malvoorn's ghost (amateur SpEn)
  3078 | D:3      | Slain by a hound

Skill      XL: |  1  2  3  4 |
---------------+-------------+-----
Conjurations   | 5 |  5.6
Stealth        | 3 |  3.4
Spellcasting   | 4 |  4.0
Dodging        | |  2.8

Action                   |  1- 3 |  4- 6 || total
-------------------------+-------+-------++-------
Melee: Dagger            |       |     4 ||     4
 Cast: Magic Dart        |    82 |    34 ||   116
       Iskenderun's Myst |       |     3 ||     3
  Eat: Chunk             |     4 |     2 ||     6
Armor: Robe              |     1 |     7 ||     8
Dodge: Dodged            |     5 |    18 ||    23
